Map: Lerilak Crest

Players

State - Winner!

  • Race: Protoss Protoss
  • League: Grandmaster

GuMiho

  • Race: Terran Terran
  • League: Grandmaster

VOD

Have the link to the VOD?

Description

Time

  • Played on: Nov. 25, 2015, 12:18 a.m.
  • Length: 9:10
Show
View Real Time Build Order
Export as new Build Order

State Protoss - Winner!

Build Orders: 1 Gate Expand 

Get SALT Encoding   

  12  0:00  Probe (Chrono Boost)  
  13  0:11  Probe (Chrono Boost)  
  14  0:18  Pylon  
  14  0:22  Probe (Chrono Boost)  
  15  0:36  Probe (Chrono Boost)  
  15  0:38  Gateway  
  16  0:43  Assimilator  
  16  0:47  Probe (Chrono Boost)  
  17  0:57  Probe (Chrono Boost)  
  18  1:08  Probe (Chrono Boost)  
  19  1:21  Nexus  
  19  1:24  Probe (Chrono Boost)  
  20  1:36  Cybernetics Core  
  20  1:37  Probe (Chrono Boost)  
  21  1:42  Assimilator  
  21  1:47  Probe (Chrono Boost)  
  22  1:55  Pylon  
  22  1:58  Probe (Chrono Boost)  
  23  2:13  Adept  
  23  2:14  Mothership Core (Chrono Boost), Warp Gate  
  27  2:32  Probe (Chrono Boost)  
  27  2:33  Probe (Chrono Boost)  
  28  2:38  Twilight Council  
  28  2:40  Adept  
  28  2:42  Probe (Chrono Boost)  
  31  2:45  Probe (Chrono Boost)  
  32  2:53  Probe (Chrono Boost)  
  32  2:57  Probe (Chrono Boost)  
  34  3:04  Probe (Chrono Boost)  
  35  3:07  Robotics Facility  
  35  3:10  Probe (Chrono Boost)  
  35  3:11  Resonating Glaives (Chrono Boost)  
  36  3:14  Probe (Chrono Boost)  
  36  3:19  Probe (Chrono Boost)  
  36  3:25  Probe  
  38  3:28  Adept (Chrono Boost)  
  38  3:30  Probe  
  41  3:37  Probe  
  42  3:41  Pylon  
  42  3:44  Probe  
  43  3:49  Probe  
  44  3:55  Warp Prism (Chrono Boost)  
  44  3:59  Probe  
  44  4:01  Probe  
  48  4:10  Assimilator  
  48  4:11  Assimilator  
  48  4:12  Gateway  
  48  4:13  Gateway  
  48  4:15  Probe  
  49  4:20  Pylon  
  49  4:21  Probe  
  50  4:24  Adept  
  53  4:32  Probe  
  53  4:36  Pylon  
  53  4:38  Probe  
  54  4:44  Pylon  
  58  4:54  Probe x2  
  58  4:58  Adept  
  60  5:10  Adept x2  
  60  5:11  Probe x2  
  52  5:23  Probe x2  
  41  5:30  Adept  
  41  5:35  Probe x2  
  44  5:37  Immortal (Chrono Boost)  
  44  5:46  Pylon  
  44  5:47  Probe x2  
  46  5:59  Probe x2  
  46  6:00  Gateway  
  46  6:01  Gateway  
  46  6:02  Gateway  
  46  6:04  Adept x2  
  52  6:11  Probe, Blink  
  52  6:12  Mothership Core  
  52  6:17  Immortal (Chrono Boost)  
  59  6:20  Sentry  
  59  6:24  Probe  
  62  6:32  Sentry x2  
  66  6:43  Gateway  
  66  6:44  Gateway  
  66  6:46  Adept  
  68  6:53  Immortal (Chrono Boost)  
  72  6:58  Pylon  
  72  7:02  Sentry x3  
  78  7:17  Pylon x2  
  78  7:19  Adept x3  
  84  7:37  Stalker x3  
  90  7:48  Adept x2  
  90  7:49  Adept  
  84  8:02  Adept x3  
  76  8:10  Adept  
  76  8:11  Adept x2  
  78  8:25  Stalker x4  
  86  8:36  Stalker x2  
  88  8:50  Stalker x3  
Show
View Real Time Build Order
Export as new Build Order

GuMiho Terran 

Build Orders: Reaper Expand, MMM Bio 

Get SALT Encoding   

  12  0:00  SCV  
  13  0:12  SCV  
  14  0:17  Supply Depot  
  14  0:24  SCV  
  15  0:38  SCV  
  15  0:40  Barracks  
  16  0:44  Refinery  
  16  0:50  SCV  
  17  1:03  SCV  
  18  1:15  SCV  
  19  1:27  Orbital Command  
  19  1:28  Reaper  
  20  1:39  Command Center  
  20  1:47  Supply Depot  
  20  1:53  SCV  
  21  2:00  Barracks Reactor  
  21  2:05  SCV  
  22  2:12  Barracks  
  22  2:17  SCV  
  23  2:23  Factory  
  23  2:29  SCV  
  24  2:36  Marine x2  
  26  2:41  SCV  
  27  2:52  Orbital Command  
  27  2:53  SCV  
  27  2:54  Marine x2  
  30  3:00  Barracks Tech Lab  
  30  3:09  Hellion  
  30  3:10  SCV  
  30  3:11  Supply Depot  
  30  3:12  Marine x2  
  34  3:19  Stimpack  
  35  3:22  Marine  
  35  3:24  SCV  
  35  3:25  SCV  
  38  3:30  Marine x2  
  42  3:34  Hellion  
  42  3:38  SCV x2  
  42  3:39  Marine  
  42  3:41  Supply Depot  
  45  3:47  Supply Depot  
  45  3:49  Marine x2  
  47  3:57  SCV, Marine  
  47  3:58  SCV  
  47  4:00  Hellion  
  51  4:09  Marine x2  
  54  4:10  SCV x2  
  54  4:12  Barracks  
  54  4:15  Marine  
  54  4:16  Supply Depot  
  56  4:22  SCV x2  
  56  4:23  Engineering Bay  
  56  4:24  Factory Tech Lab  
  58  4:29  Refinery  
  58  4:30  Refinery  
  58  4:31  Supply Depot, Marine  
  58  4:32  Marine  
  60  4:38  Marine  
  60  4:40  SCV  
  60  4:41  SCV  
  60  4:45  Supply Depot  
  63  4:49  Marine x2  
  63  4:51  Cyclone  
  67  4:56  Marine  
  62  5:08  SCV x2, Marine x3  
  60  5:14  Marine  
  48  5:26  Marine x3  
  40  5:32  Marine  
  40  5:34  SCV  
  40  5:44  Cyclone  
  40  5:48  Marine x3  
  46  5:53  SCV x2  
  46  5:55  Marine  
  49  6:07  Marine x2  
  49  6:08  Marine  
  52  6:18  SCV x2  
  54  6:19  Terran Infantry Weapons Level 1  
  54  6:22  Combat Shields  
  54  6:30  Starport  
  54  6:31  SCV x2  
  56  6:33  Supply Depot  
  56  6:36  Factory Reactor  
  56  6:41  Supply Depot  
  56  6:44  SCV, Marine x4  
  56  6:46  Concussive Shells  
  61  6:52  SCV  
  62  6:56  SCV, Supply Depot  
  62  6:59  Supply Depot  
  63  7:04  Marauder x2  
  63  7:08  Marine x2  
  68  7:14  SCV x2  
  71  7:18  Supply Depot, Medivac  
  71  7:22  Medivac  
  75  7:27  SCV  
  75  7:28  SCV  
  77  7:32  Supply Depot  
  77  7:35  Supply Depot  
  77  7:36  Marauder  
  73  7:37  Marauder  
  73  7:38  Marine  
  73  7:40  Marine  
  66  7:54  Medivac x2  
  62  8:04  Marauder  
  35  8:13  Marauder  
  35  8:14  Marine  
  38  8:20  Marine  
  39  8:31  Marine  
  39  8:32  Marine  
  39  8:34  Marine  
  41  8:38  Marine  
  40  8:48  Marine  
  40  8:50  Marine  
  40  8:52  Marine  
Tags
 
Add a new tag
Caveats
  • Supply blocks, unpowered buildings, or Contaminate may cause inaccurate times.
  • Supply counts are checked every 10 seconds.